 Dungeon Crawl Stone Soup version 0.30-a0-241-g1121274140 (webtiles) character file.

Game seed: 636944273880865816

688 gelatine the Gusty (level 7, -2/50 HPs)
             Began as a Demonspawn Air Elementalist on Oct 10, 2022.
             Engulfed by a steam dragon's steam (6 damage)
             ... on level 5 of the Dungeon.
             The game lasted 00:15:01 (5696 turns).

gelatine the Gusty (Demonspawn Air Elementalist)    Turns: 5696, Time: 00:15:02

Health: -2/50      AC:  3    Str:  8    XL:     7   Next: 36%
Magic:  9/13       EV: 13    Int: 18    God:
Gold:   407        SH:  0    Dex: 20    Spells: 11/14 levels left

rFire   . . .      SeeInvis .    t - +0 dagger (venom)
rCold   . . .      Faith    .    l - orb {light}
rNeg    . . .      Spirit   .    a - +0 robe
rPois   .          Reflect  .    (helmet restricted)
rElec   .          Harm     .    (no cloak)
rCorr   .          Rampage  .    (no gloves)
Will    .....                    (no boots)
Stlth   +.........               r - amulet of the acrobat
HPRegen 0.28/turn                q - +6 ring of dexterity
MPRegen 0.13/turn                (no ring)

@: glowing
A: horns 1, powered by death 1, sharp scales 1, demonic magic 2
a: no special abilities


You were on level 5 of the Dungeon.
You visited 1 branch of the dungeon, and saw 5 of its levels.
You also visited: Ossuary.

You collected 407 gold pieces.

Inventory:

Hand Weapons
 t - a +0 dagger of venom (weapon)
Missiles
 p - 3 throwing nets
Armour
 a - a +0 robe (worn)
 l - an orb of light (worn)
Magical Staves
 c - a staff of death
Jewellery
 q - a +6 ring of dexterity (left hand)
 r - an amulet of the acrobat (around neck)
Wands
 m - a wand of iceblast (6)
Scrolls
 d - 4 scrolls of teleportation
 e - 3 scrolls of blinking
 f - a scroll of enchant weapon
 g - a scroll of butterflies {unknown}
 u - 2 scrolls of identify
 w - 2 scrolls of vulnerability
 x - a scroll of amnesia {unknown}
 y - 2 scrolls of poison
Potions
 b - 3 potions of magic
 h - 4 potions of curing
 i - 3 potions of haste {unknown}
 j - 2 potions of ambrosia {unknown}
 k - a potion of heal wounds {unknown}
 n - 2 potions of might {unknown}
 o - 2 potions of attraction {unknown}
 s - a potion of brilliance {unknown}
 v - a potion of mutation {unknown}
 z - 2 potions of berserk rage {unknown}
 A - 3 potions of flight {unknown}


   Skills:
 * Level 2.1 Fighting
 + Level 0.2 Short Blades
 * Level 3.1 Dodging
 * Level 3.7 Stealth
 + Level 4.1 Spellcasting
 + Level 3.0 Conjurations
 + Level 4.1 Air Magic


You had 11 spell levels left.
You knew the following spells:

 Your Spells              Type           Power      Damage    Failure   Level
a - Shock                 Conj/Air       64%        1d7       3%          1
b - Static Discharge      Conj/Air       32%        2-4/arc   4%          2

Your spell library contained the following spells:

 Spells                   Type           Power      Damage    Failure   Level
 Swiftness                Air            18%        N/A       8%          3
 Ensorcelled Hibernation  Hex/Ice        6%         N/A       22%         2
 Airstrike                Air            9%         2d(2-18)  26%         4
 Spider Form              Tmut/Pois      3%         N/A       41%         3
 Anguish                  Hex/Necr       1%         N/A       82%         4


Dungeon Overview and Level Annotations

Branches:
Dungeon (5/15)            Ossuary (visited)
 Temple: D:4-7

Altars:
Ashenzari
Fedhas
Kikubaaqudgha
Makhleb
Okawaru
Xom

Annotations:
D:3 3 runed translucent doors, Findleman's ghost, amateur GrFi; berneep's ghost, amateur MiFi


Innate Abilities, Weirdness & Mutations

You have a pair of small horns on your head.
You regenerate a little health from kills.
You are partially covered in razor-sharp scales. (AC +1, Slay +1)
Spells you cast may paralyse nearby enemies.


Message History

An adder comes into view.
Found three altars.
There is a large open door here.
The zap hits the adder.
The adder is severely wounded.
The adder hisses angrily.
The zap hits the adder.
The adder is almost dead.
Malevolent energies surge around you.
The zap hits the adder.
You kill the adder!
Malevolent energies surge around you.
A steam dragon comes into view.
Found a burning altar of Makhleb.
The steam dragon hisses angrily.
The steam dragon breathes steam at you. The ball of steam hits you!
You can't see any susceptible monsters within range! (Use Z to cast anyway.)
You are engulfed in a cloud of scalding steam.
The steam dragon completely misses you. x2
Casting: Shock (safe; 3% risk of failure)
Confirm with . or Enter, or press ? or * to list all spells.
The steam dragon is struck by an arc of lightning.
The steam dragon is lightly wounded.
You are struck by an arc of lightning.
The lightning grounds out.
Malevolent energies surge around you. The steam dragon bites you.
The steam dragon misses you.
Casting: Static Discharge (safe; 4% risk of failure)
Confirm with . or Enter, or press ? or * to list all spells.
The steam dragon is struck by an arc of lightning.
The steam dragon is moderately wounded.
You are struck by an arc of lightning.
The lightning grounds out.
Malevolent energies surge around you.
The steam dragon suddenly stops moving!
You are engulfed in a cloud of scalding steam.
* * * LOW HITPOINT WARNING * * *
The helpless steam dragon fails to defend itself.
You puncture the steam dragon! You headbutt the steam dragon.
The steam dragon is severely wounded.
You are engulfed in a cloud of scalding steam.
You die...

.......#........#....#..#...(...#
.......#........#....#..#.......#
.......##'#######....#..###'#####
###................>.#..........#
..#..................#..........#
..#...........###....#..##......#
..#.........###_###..#..#######.#
..'....######.....####..##......#
..#....####.....@D..###..#.......
#+#....##_.....#ยง...._#..#.......
.......##....#...#....#..#.....##
<.......#..#.......#..#.##.....##
........'.............#.#########
........'............ #.# #.
#####...#..#.......#..### #. #
...###....#...#....# #. #.....
#_.....#..... ##


You could see a steam dragon (paralysed).

Vanquished Creatures
  3 scorpions
  2 orc priests
  2 orc wizards (D:4)
  Natasha (thrice) (D:2)
  8 mummies (Ossuary)
  Robin (D:2)
  5 adders
  7 gnolls
  2 worms
  2 dart slugs
  9 orcs
  2 endoplasms
  4 giant cockroaches
  16 goblins
  12 hobgoblins
  2 jackals (D:3)
  6 kobolds
  4 quokkas
  4 ball pythons
  5 bats
  2 frilled lizards
  A gnoll zombie (Ossuary)
  4 hobgoblin zombies (Ossuary)
  A kobold zombie (Ossuary)
  2 orc zombies (Ossuary)
  8 rats
117 creatures vanquished.

Vanquished Creatures (others)
  6 withered plants (D:3)
6 creatures vanquished.

Grand Total: 123 creatures vanquished

Notes
Turn   | Place    | Note
-------+----------+-------------------------------------------
     0 | D:1      | gelatine the Demonspawn Air Elementalist began the quest
                  | for the Orb.
     0 | D:1      | Reached XP level 1. HP: 13/13 MP: 3/3
   445 | D:1      | Gained mutation: You have a pair of small horns on your
                  | head. [demonic ancestry]
   445 | D:1      | Reached XP level 2. HP: 19/19 MP: 3/5
  1439 | D:2      | Found a blossoming altar of Fedhas.
  1543 | D:2      | Gained mutation: You regenerate a little health from kills.
                  | [demonic ancestry]
  1543 | D:2      | Reached XP level 3. HP: 24/24 MP: 3/6
  1655 | D:2      | Noticed Natasha
  1664 | D:2      | Killed Natasha
  1783 | D:2      | Gained mutation: Spells you cast may paralyse adjacent
                  | enemies. [demonic ancestry]
  1783 | D:2      | Reached XP level 4. HP: 30/30 MP: 3/8
  1786 | D:2      | Learned a level 2 spell: Static Discharge
  2163 | D:2      | Noticed Natasha
  2175 | D:2      | Killed Natasha
  2354 | D:2      | Noticed Natasha
  2362 | D:2      | Killed Natasha
  2471 | D:2      | Gained mutation: You are partially covered in razor-sharp
                  | scales. (AC +1, Slay +1) [demonic ancestry]
  2471 | D:2      | Reached XP level 5. HP: 36/36 MP: 3/9
  2694 | D:3      | Reached skill level 1 in Fighting
  2845 | D:3      | Noticed Robin
  2878 | D:2      | Killed Robin
  3124 | D:3      | Found a runed translucent gate.
  3124 | D:3      | Found a runed translucent gate.
  3125 | D:3      | Found a runed translucent gate.
  3127 | D:3      | Noticed berneep's ghost (amateur MiFi)
  3127 | D:3      | Noticed Findleman's ghost (amateur GrFi)
  3979 | D:4      | Gained mutation: Spells you cast may paralyse nearby
                  | enemies. [demonic ancestry]
  3979 | D:4      | Reached XP level 6. HP: 43/43 MP: 11/11
  4897 | D:5      | Entered Level 5 of the Dungeon
  4897 | D:5      | Found a sand-covered staircase.
  4904 | Ossuary  | Entered an ossuary
  5031 | Ossuary  | Reached XP level 7. HP: 49/49 MP: 4/13
  5666 | D:5      | Found an ancient bone altar of Kikubaaqudgha.
  5668 | D:5      | Found an iron altar of Okawaru.
  5668 | D:5      | Found a broken altar of Ashenzari.
  5668 | D:5      | Found a shimmering altar of Xom.
  5691 | D:5      | Found a burning altar of Makhleb.
  5691 | D:5      | Noticed a steam dragon
  5696 | D:5      | Engulfed by a steam dragon's steam

Illustrated notes

Levels and vault maps discovered:
D:1:      dpeg_arrival_arbitrary_c, layout_basic
D:2:      layout_loops_ring, basic_altar, chequers_serial_rivers_room_b,
          uniq_natasha
D:3:      layout_loops_cross, gammafunk_ghost_cemetery, minivault_5, uniq_robin
D:4:      layout_loops_ring, nicolae_tso_swordbearing_angel
D:5:      layout_gridville, minmay_overflow_temple_hex,
          minmay_temple_entry_butterflies, lightli_ossuary_entry_decrepit_ruins,
          chequers_serial_rivers_marsh, uniq_ijyb

Skill      XL: |  1  2  3  4  5  6  7 |
---------------+----------------------+-----
Air Magic      | 3 4 |  4.1
Stealth        | 2 3 |  3.7
Spellcasting   | 3 4 |  4.1
Conjurations   | 2 3 |  3.0
Dodging        | 2 3 |  3.1
Fighting       | 1 2 |  2.1
Short Blades   | |  0.2

Action                   |  1- 3 |  4- 6 |  7- 9 || total
-------------------------+-------+-------+-------++-------
Melee: Short sword       |    13 |     4 |       ||    17
       Dagger            |     5 |    29 |    11 ||    45
       Headbutt          |     4 |     6 |     5 ||    15
       Whip              |       |    14 |       ||    14
 Cast: Shock             |    66 |   146 |    36 ||   248
       Static Discharge  |       |     9 |     2 ||    11
  Use: Scroll            |       |     6 |     4 ||    10
       Potion            |       |     2 |       ||     2
 Stab: Paralysed         |       |    16 |     4 ||    20
       Sleeping          |       |     3 |       ||     3
Armor: Robe              |     6 |    13 |     1 ||    20
Dodge: Dodged            |    13 |    29 |     6 ||    48

Table legend: (Time is in decaauts)
 A = Elapsed time spent in this place.
 B = Non-inter-level travel time spent in this place.
 C = Inter-level travel time spent in this place.
 D = Time resting spent in this place.
 E = Time spent auto-exploring this place.
 F = Levels seen in this place.
 G = Mean time per level.
                   A        B        C        D        E       F      G
               +--------+--------+--------+--------+--------+-----+--------+
         Total |   5715 |   5624 |     91 |    113 |   4622 |   6 |  952.5 |
       Dungeon |   5166 |   5075 |     91 |    113 |   4242 |   5 | 1033.2 |
       Ossuary |    548 |    548 |      0 |      0 |    380 |   1 |  548.0 |
               +--------+--------+--------+--------+--------+-----+--------+

Top non-repeatable levels by time:
     D:1: 1367 daAuts
     D:2: 1299 daAuts
     D:3: 1232 daAuts
     D:4: 1018 daAuts
 Ossuary: 548 daAuts
     D:5: 249 daAuts
